Map: Blackpink LE

Players

Classic - Winner!

  • Race: Protoss Protoss
  • Spawn Location: 7:00

Sioras

  • Race: Zerg Zerg
  • League: Master
  • Spawn Location: 1:00

Event: WESG 2017 Haikou

VOD

Have the link to the VOD?

Description

Time

  • Played on: March 15, 2018, 5:53 a.m.
  • Length: 12:31

All games in this series

Show
View Real Time Build Order
Export as new Build Order

Classic Protoss - Winner!

Build Orders: 1 Gate Expand, Oracle Opening, Phoenix Opening, Archon Immortal, Zealot Archon, Archon Drop 

Get SALT Encoding   

  12  0:00  Probe  
  13  0:12  Probe  
  14  0:18  Pylon  
  14  0:25  Probe (Chrono Boost)  
  15  0:37  Probe (Chrono Boost)  
  15  0:39  Gateway  
  16  0:45  Probe (Chrono Boost)  
  17  0:50  Assimilator  
  17  0:51  Probe  
  18  1:03  Probe  
  19  1:15  Probe  
  20  1:27  Probe  
  20  1:30  Nexus  
  21  1:39  Cybernetics Core  
  21  1:41  Probe  
  21  1:46  Assimilator  
  22  1:52  Pylon  
  22  1:54  Probe  
  23  2:10  Probe  
  23  2:14  Adept (Chrono Boost)  
  24  2:19  Stargate  
  24  2:22  Probe  
  27  2:28  Warp Gate  
  27  2:33  Adept  
  27  2:34  Probe (Chrono Boost)  
  30  2:42  Probe (Chrono Boost)  
  31  2:46  Probe (Chrono Boost)  
  33  2:51  Probe (Chrono Boost)  
  33  2:53  Probe (Chrono Boost)  
  33  2:56  Probe (Chrono Boost)  
  34  3:00  Oracle (Chrono Boost)  
  34  3:01  Probe  
  39  3:09  Probe, Pylon  
  40  3:13  Probe  
  40  3:19  Gateway  
  41  3:21  Adept  
  41  3:24  Probe  
  41  3:25  Probe  
  45  3:30  Assimilator  
  45  3:31  Phoenix  
  47  3:39  Probe x2  
  49  3:41  Assimilator  
  49  3:45  Pylon  
  49  3:48  Robotics Facility  
  49  3:54  Probe x2  
  51  4:05  Twilight Council  
  51  4:06  Probe  
  51  4:07  Probe  
  53  4:19  Probe x2  
  53  4:22  Gateway  
  53  4:23  Gateway  
  55  4:29  Pylon  
  55  4:31  Zealot x2  
  55  4:33  Probe, Warp Prism (Chrono Boost)  
  62  4:42  Templar Archives  
  62  4:44  Charge  
  62  4:54  Pylon  
  62  4:59  Immortal (Chrono Boost)  
  66  5:07  Pylon, Shield Battery  
  66  5:15  Pylon  
  66  5:21  High Templar x2  
  66  5:22  Nexus  
  66  5:25  Archon  
  66  5:27  Zealot  
  72  5:28  Zealot  
  72  5:35  Immortal (Chrono Boost)  
  78  5:43  Probe x2  
  78  5:49  Forge  
  80  5:52  Pylon  
  80  5:55  Probe x2  
  82  5:57  Gateway  
  82  5:59  High Templar x2  
  82  6:03  Archon  
  86  6:05  Observer (Chrono Boost)  
  86  6:06  Gateway  
  86  6:08  Probe x2  
  89  6:16  Protoss Ground Weapons Level 1 (Chrono Boost)  
  89  6:19  Psionic Storm  
  89  6:20  Probe x2  
  91  6:27  Immortal, Pylon  
  91  6:39  Zealot x2  
  95  6:42  Probe x3  
  95  6:46  Assimilator x2  
  98  6:54  Probe x3  
  101  7:03  Zealot, High Templar x2  
  101  7:04  Zealot x3  
  101  7:06  Probe x2  
  101  7:07  Probe  
  116  7:14  Gateway  
  116  7:15  Gateway  
  116  7:17  Photon Cannon, Pylon  
  116  7:21  Probe  
  116  7:22  Probe x2  
  119  7:25  Pylon  
  119  7:27  High Templar x2  
  119  7:29  Pylon  
  123  7:38  Immortal  
  127  7:46  Pylon  
  127  7:49  Photon Cannon  
  127  7:50  Photon Cannon  
  127  7:57  Protoss Ground Weapons Level 2 (Chrono Boost)  
  127  8:04  Nexus  
  127  8:05  Pylon  
  127  8:08  Zealot x2, High Templar x2  
  127  8:09  Zealot  
  127  8:12  Archon  
  137  8:17  Probe x3  
  137  8:19  Pylon  
  140  8:25  Photon Cannon  
  140  8:26  High Templar x2  
  144  8:27  Pylon  
  144  8:31  Zealot x3, Archon  
  146  8:42  Immortal (Chrono Boost)  
  146  8:44  Robotics Facility  
  146  8:45  High Templar x2  
  154  8:49  Photon Cannon  
  154  8:55  Probe x3  
  157  8:58  Assimilator  
  157  9:02  Assimilator  
  157  9:05  Photon Cannon  
  157  9:19  Probe x3  
  157  9:20  Probe  
  157  9:23  Immortal (Chrono Boost), Photon Cannon  
  165  9:24  Photon Cannon  
  165  9:29  High Templar x2  
  165  9:31  Observer (Chrono Boost)  
  170  9:34  Photon Cannon  
  170  9:35  Photon Cannon, Archon  
  170  9:37  Photon Cannon x2  
  170  9:40  Pylon  
  170  9:42  High Templar x2  
  170  9:43  Zealot x2  
  178  9:46  Zealot  
  178  9:47  Zealot, Archon  
  182  9:57  Immortal (Chrono Boost)  
  182  9:58  Immortal (Chrono Boost)  
  150  10:14  Zealot x7  
  150  10:15  Zealot  
  150  10:18  Observer  
  156  10:25  Probe x4  
  156  10:33  Immortal (Chrono Boost)  
  156  10:34  Immortal (Chrono Boost)  
  160  10:42  High Templar x3  
  162  10:43  High Templar x2  
  162  10:47  Archon  
  162  10:48  Archon  
  162  10:49  Photon Cannon  
  162  10:53  Photon Cannon  
  160  11:01  High Templar  
  160  11:02  Zealot, High Templar  
  160  11:03  Warp Prism (Chrono Boost)  
  170  11:04  Warp Prism (Chrono Boost)  
  170  11:08  Archon  
  170  11:20  Gateway  
  170  11:21  Gateway  
  170  11:23  Immortal  
  170  11:24  Immortal  
  158  11:38  Archon x3  
  138  11:43  Zealot x5  
  138  11:44  Zealot x3  
  131  12:05  Zealot x4  
  131  12:06  Zealot x4  
  144  12:14  Probe x3  
  144  12:15  Probe  
Show
View Real Time Build Order
Export as new Build Order

Sioras Zerg 

Build Orders: Hatch First, Lurkers, Roach Hydra 

Get SALT Encoding   

  12  0:00  Drone  
  13  0:08  Drone  
  14  0:16  Extractor, Drone  
  15  0:23  Overlord  
  15  0:43  Hatchery  
  15  0:47  Drone  
  15  0:51  Drone  
  15  0:54  Drone  
  17  0:58  Drone  
  18  1:13  Spawning Pool  
  18  1:14  Extractor  
  16  1:18  Drone  
  16  1:23  Drone  
  18  1:30  Drone  
  19  1:41  Drone  
  20  1:51  Overlord  
  20  1:55  Drone  
  20  1:59  Queen  
  20  2:00  Queen  
  25  2:02  Zergling x2  
  25  2:07  Zergling x2  
  27  2:13  Drone  
  28  2:18  Metabolic Boost  
  28  2:19  Drone  
  29  2:23  Drone  
  29  2:28  Drone  
  31  2:38  Hatchery  
  31  2:42  Drone x2  
  32  2:48  Overlord  
  32  2:50  Drone  
  33  2:56  Zergling x2  
  34  2:59  Zergling x2  
  35  3:06  Overlord  
  35  3:12  Drone x3  
  38  3:13  Drone x3  
  38  3:18  Queen  
  43  3:20  Drone  
  43  3:24  Overlord  
  44  3:29  Drone  
  45  3:35  Spore Crawler  
  45  3:37  Drone, Spore Crawler  
  44  3:41  Drone x2  
  44  3:44  Overlord  
  44  3:45  Drone  
  47  3:49  Roach Warren  
  47  3:51  Drone  
  47  3:53  Drone  
  48  3:57  Overlord  
  48  4:02  Overlord  
  48  4:05  Spore Crawler, Queen  
  49  4:10  Drone  
  49  4:13  Zergling x4  
  49  4:15  Drone  
  53  4:17  Overlord  
  53  4:24  Overlord  
  53  4:26  Drone  
  53  4:27  Overlord  
  53  4:29  Drone x3  
  57  4:32  Drone  
  57  4:34  Roach  
  57  4:36  Roach  
  62  4:40  Roach  
  62  4:41  Roach  
  62  4:45  Drone  
  63  4:53  Drone x2  
  63  4:54  Drone  
  63  4:55  Drone x2  
  63  4:58  Roach x3  
  76  5:00  Roach  
  76  5:02  Drone  
  76  5:04  Drone  
  78  5:07  Drone  
  78  5:08  Lair  
  78  5:12  Evolution Chamber  
  78  5:13  Drone  
  79  5:15  Drone x2  
  79  5:16  Drone  
  79  5:18  Drone  
  79  5:20  Drone  
  84  5:25  Overlord  
  84  5:28  Extractor  
  84  5:29  Extractor  
  84  5:30  Drone, Overlord  
  84  5:33  Overlord  
  83  5:36  Roach x3  
  83  5:39  Extractor  
  83  5:40  Roach  
  90  5:47  Overlord  
  89  5:52  Drone x4  
  89  5:56  Overlord  
  93  5:58  Overlord  
  93  6:04  Overlord  
  93  6:11  Hatchery  
  92  6:12  Drone x9  
  92  6:13  Zerg Missile Weapons Level 1  
  92  6:16  Queen  
  92  6:17  Drone  
  92  6:18  Extractor x2  
  102  6:20  Drone  
  102  6:21  Drone  
  102  6:23  Drone x2  
  106  6:31  Overlord  
  106  6:37  Overlord  
  102  7:00  Drone  
  102  7:01  Drone x5  
  102  7:07  Glial Reconstitution  
  102  7:08  Hydralisk Den  
  102  7:11  Hatchery  
  102  7:14  Overlord  
  102  7:15  Roach  
  102  7:16  Roach x12  
  126  7:28  Overlord  
  126  7:32  Overseer  
  126  7:45  Hydralisk  
  126  7:46  Hydralisk x12, Grooved Spines  
  152  7:53  Drone, Lurker Den  
  152  8:00  Overlord  
  152  8:05  Hydralisk x3  
  152  8:06  Hydralisk  
  160  8:18  Drone  
  160  8:19  Drone x5  
  166  8:20  Overlord  
  166  8:21  Zerg Missile Weapons Level 2  
  166  8:26  Hydralisk x4  
  170  8:41  Hydralisk x5  
  170  8:46  Hatchery  
  179  8:55  Roach x2  
  183  8:56  Roach x7  
  197  9:22  Spine Crawler  
  197  9:23  Spine Crawler x2, Muscular Augments  
  192  9:29  Lurker x3  
  192  9:30  Lurker  
  196  9:34  Roach, Zergling x2  
  199  9:40  Spore Crawler  
  198  9:49  Pneumatized Carapace  
  140  10:16  Hydralisk x10  
  140  10:17  Hydralisk x2  
  140  10:21  Roach x5  
  166  10:27  Roach  
  166  10:28  Roach x5  
  168  10:34  Roach x4  
  168  10:35  Zergling x22  
  173  10:43  Roach x2  
  173  10:47  Roach  
  173  10:48  Roach  
  179  10:55  Zergling x2  
  179  10:56  Zergling x14  
  187  10:59  Lurker x2  
  187  11:04  Lurker  
  190  11:11  Roach x4  
  198  11:13  Overseer  
  198  11:15  Hatchery  
  196  11:32  Hydralisk x2  
  155  11:33  Hydralisk x4  
  155  11:37  Roach  
  155  11:38  Roach x3, Zergling x6  
  110  11:49  Roach x2  
  110  11:50  Roach  
  111  11:59  Roach  
  111  12:00  Roach x2  
  113  12:08  Roach x2  
Tags
 
Add a new tag
Caveats
  • Supply blocks, unpowered buildings, or Contaminate may cause inaccurate times.
  • Supply counts are checked every 10 seconds.